 Dungeon Crawl Stone Soup version 0.30.1-1-g62c8e00024 (webtiles) character file.

Game seed: 15196049736666478072

2311 Fodor the Covered (level 9, -1/78 HPs)
             Began as a Minotaur Fighter on July 16, 2023.
             Was an Initiate of Gozag.
             Slain by an orc warrior
             ... wielding a +0 broad axe
              (19 damage)
             ... on level 8 of the Dungeon.
             The game lasted 00:36:48 (6580 turns).

Fodor the Covered (Minotaur Fighter)                Turns: 6580, Time: 00:36:48

Health: -1/78      AC: 10    Str: 24    XL:     9   Next: 18%
Magic:  8/8        EV: 11    Int:  5    God:    Gozag
Gold:   505        SH:  5    Dex: 11    Spells: 8/8 levels left

rFire   + . .        J - +5 great sword
rCold   + . .        (shield currently unavailable)
rNeg    . . .        b - +0 scale mail
rPois   .            (helmet restricted)
rElec   .            w - scarf {rC+ rF+}
rCorr   .            x - +0 pair of gloves
SInv    .            C - +0 pair of boots
Will    .....        m - amulet of reflection Stlth
                     (no ring)
HPRegen 0.33/turn    (no ring)
MPRegen 0.11/turn

%: reflection
@: gold aura
A: horns 2, retaliatory headbutt
a: Renounce Religion, Potion Petition, Call Merchant, Bribe Branch


You were on level 8 of the Dungeon.
You worshipped Gozag.
Gozag was pleased with you.
You visited 2 branches of the dungeon, and saw 9 of its levels.
You also visited: Ossuary.

You collected 627 gold pieces.
You paid 122 gold pieces to Gozag.

Inventory:

Hand Weapons
 H - a +0 shortbow
 I - a +0 battleaxe
 J - a +5 great sword (weapon)
Missiles
 K - 3 poisoned darts (quivered)
Armour
 b - a +0 scale mail (worn)
 c - a +0 buckler
 w - a scarf of resistance (worn)
 x - a +0 pair of gloves (worn)
 C - a +0 pair of boots (worn)
Jewellery
 f - a ring of ice
 m - an amulet of reflection (around neck)
 E - a ring of protection from cold
 L - a ring of protection from cold
Wands
 r - a wand of roots (8)
 t - a wand of flame (22)
Scrolls
 a - a scroll of immolation {unknown}
 e - a scroll of butterflies {unknown}
 g - 3 scrolls of enchant weapon
 j - 3 scrolls of teleportation
 k - 3 scrolls of vulnerability
 l - a scroll of poison {unknown}
 n - a scroll of silence {unknown}
 o - a scroll of blinking {unknown}
 p - a scroll of amnesia {unknown}
 q - 2 scrolls of fog
 v - 5 scrolls of magic mapping
 y - a scroll of noise {unknown}
Potions
 d - 2 potions of might
 h - 3 potions of brilliance {unknown}
 i - 4 potions of haste
 s - a potion of cancellation {unknown}
 u - 3 potions of degeneration {unknown}
 z - 2 potions of flight {unknown}
 A - a potion of magic {unknown}
 B - a potion of resistance {unknown}
 D - a potion of heal wounds {unknown}
 F - 3 potions of mutation {unknown}
 G - a potion of invisibility {unknown}


   Skills:
 + Level 6.7 Fighting
 + Level 6.8(7.3) Short Blades
 + Level 4.4(6.5) Long Blades
 + Level 2.6 Polearms
 + Level 7.8 Armour
 + Level 3.2 Dodging
 + Level 1.2 Stealth
 + Level 6.9 Shields


You had 8 spell levels left.
You didn't know any spells.
Your spell library contained the following spells:

 Spells                   Type           Power      Damage    Failure   Level
 Apportation              Tloc           0%         N/A       75%         1
 Necrotise                Necr           0%         1d4       75%         1
 Summon Small Mammal      Summ           0%         N/A       75%         1
 Gell's Gravitas          Tloc           0%         N/A       98%         3
 Ozocubu's Armour         Ice            0%         N/A       98%         3
 Teleport Other           Tloc           0%         N/A       98%         3
 Metabolic Englaciation   Hex/Ice        0%         N/A       100%        5
 Dispersal                Tloc           0%         N/A       100%        6
 Simulacrum               Ice/Necr       Unusable   N/A       N/A         6

Dungeon Overview and Level Annotations

Branches:
Dungeon (8/15)             Temple (1/1) D:6         Ossuary (visited)
   Lair: D:8-11

Altars:
Ashenzari
Cheibriados
Dithmenos
Elyvilon
Fedhas
Gozag
Kikubaaqudgha
Makhleb
Nemelex Xobeh
Okawaru
Qazlal
Ru
Sif Muna
Trog
Uskayaw
Vehumet
Wu Jian
Xom
Zin
The Shining One

Shops:
D:2 [*[:


Innate Abilities, Weirdness & Mutations

You have a pair of horns on your head.
You reflexively headbutt those who attack you in melee.


Message History

You kill the orc wizard!
The orc barely misses you. The orc warrior closely misses you.
The water moccasin closely misses you.
You barely miss the water moccasin.
Your headbutt misses the water moccasin.
The orc barely misses you. You furiously retaliate!
You headbutt the orc.
The orc warrior hits you with a +0 broad axe!
The water moccasin bites you but does no damage.
The orc hits you but does no damage.
The orc warrior hits you with a +0 broad axe!
The water moccasin closely misses you.
The orc priest calls down the wrath of Beogh upon you.
Beogh smites you! You block the orc warrior's attack.
The orc warrior attacks as you move away!
You block the orc warrior's attack.
The water moccasin attacks as you move away!
You block the water moccasin's attack.
The water moccasin bites you but does no damage.
You slash the water moccasin!
The water moccasin is heavily wounded.
You block the water moccasin's attack.
The orc priest calls down the wrath of Beogh upon you.
Beogh smites you!
* * * LOW HITPOINT WARNING * * *
The water moccasin closely misses you. You furiously retaliate!
You headbutt the water moccasin!
The water moccasin attacks as you move away!
The water moccasin bites you but does no damage.
The orc attacks as you move away! The orc hits you but does no damage.
You slice the water moccasin!!
You kill the water moccasin!
The orc is distracted by your dazzling golden aura.
The orc priest calls upon Beogh to heal the orc.
The orc shouts!
The orc's wounds heal themselves!
You slice the orc warrior!!
The orc warrior is severely wounded.
The orc warrior hits you with a +0 broad axe!!
You die...
Your body crumbles into a pile of gold.

##.....####........#
#......##...........# #.#
#.......#.#.........##..#
....##....##.............
#......#.......#.... ..#
####...##..(..###.###.# .
##.........#.......# ..<
###...##.....o.#.###.....
##.####...@o.o.........
#.# #.##.####.$...... ###
###### ##....... .......
....... ....... .......
#......


You could see an orc warrior, an orc priest and an orc.

Vanquished Creatures
  Grinder (D:5)
  4 water moccasins
  An ice beast (D:6)
  A sky beast (D:7)
  An ogre (D:4)
  2 black bears
  A centaur (D:7)
  4 scorpions
  7 wights (D:7)
  A howler monkey (D:7)
  A hound (D:5)
  5 jellies
  An orc priest (D:6)
  An iguana (D:7)
  A sleepcap (D:5)
  2 orc wizards
  A mummy (Ossuary)
  4 gnolls (D:6)
  2 adders
  A shadow imp (D:6)
  A white imp (D:6)
  An ufetubus (D:6)
  A worm (D:2)
  A dart slug (D:2)
  12 orcs
  A spectral bat (Ossuary)
  7 bats
  7 endoplasms
  3 giant cockroaches
  4 goblins (D:1)
  4 hobgoblins
  5 jackals
  3 quokkas
  14 ball pythons
  2 bat simulacra (Ossuary)
  5 frilled lizards (D:1)
  12 gnoll zombies (Ossuary)
  A goblin simulacrum (Ossuary)
  4 goblin zombies (Ossuary)
  3 hobgoblin zombies (Ossuary)
  7 kobolds
  5 kobold simulacra (Ossuary)
  6 kobold zombies (Ossuary)
  5 orc zombies (Ossuary)
  7 rats
  A rat simulacrum (Ossuary)
  7 spectral goblins (Ossuary)
  2 spectral kobolds (Ossuary)
  2 spectral rats (Ossuary)
175 creatures vanquished.

Notes
Turn   | Place    | Note
-------+----------+-------------------------------------------
     0 | D:1      | Fodor the Minotaur Fighter began the quest for the Orb.
     0 | D:1      | Reached XP level 1. HP: 19/19 MP: 0/0
    82 | D:1      | Reached XP level 2. HP: 21/27 MP: 1/1
   313 | D:1      | Found a faded altar of an unknown god.
   583 | D:1      | Reached XP level 3. HP: 33/33 MP: 2/2
   686 | D:2      | Found Rafigus's Armour Boutique.
   706 | D:2      | Found Mozoiss's Antique Armour Shop.
   770 | D:2      | Found Rose Pathraff's Book Boutique.
   792 | D:2      | Reached skill level 4 in Armour
   836 | D:2      | Found Ceeroes's Assorted Antiques.
  1140 | D:2      | Found a glowing golden altar of the Shining One.
  1281 | D:3      | Found a sacrificial altar of Ru.
  1332 | D:3      | Reached XP level 4. HP: 41/41 MP: 3/3
  1654 | D:3      | Found a burning altar of Makhleb.
  1659 | D:3      | Reached skill level 1 in Dodging
  1663 | D:3      | HP: 1/41 [orc/+0 flail (3)]
  2127 | D:3      | Found a shimmering blue altar of Sif Muna.
  2258 | D:4      | Noticed a scorpion
  2268 | D:4      | Killed a scorpion
  2269 | D:4      | Reached XP level 5. HP: 25/47 MP: 4/4
  2441 | D:4      | Found a sand-covered staircase.
  2450 | Ossuary  | Entered an ossuary
  2684 | Ossuary  | Reached skill level 1 in Short Blades
  3073 | D:4      | Noticed a black bear
  3087 | D:4      | Killed a black bear
  3088 | D:4      | Reached skill level 5 in Armour
  3088 | D:4      | Reached XP level 6. HP: 45/53 MP: 5/5
  3393 | D:4      | Found a white marble altar of Elyvilon.
  3393 | D:4      | Found a glowing silver altar of Zin.
  3393 | D:4      | Found a glowing golden altar of the Shining One.
  3507 | D:4      | Reached skill level 5 in Fighting
  3710 | D:5      | Entered Level 5 of the Dungeon
  3737 | D:5      | Reached skill level 5 in Shields
  3737 | D:5      | Reached XP level 7. HP: 55/61 MP: 6/6
  4201 | D:5      | Noticed Grinder
  4223 | D:5      | Killed Grinder
  4224 | D:5      | Reached skill level 5 in Short Blades
  4224 | D:5      | Reached skill level 6 in Armour
  4294 | D:5      | Reached XP level 8. HP: 62/70 MP: 7/7
  4718 | D:6      | Found a staircase to the Ecumenical Temple.
  4756 | Temple   | Entered the Ecumenical Temple
  4822 | Temple   | Became a worshipper of Gozag Ym Sagoz the Greedy
  4934 | D:6      | Found a bloodstained altar of Trog.
  5168 | D:6      | Reached skill level 1 in Stealth
  5446 | D:7      | Reached skill level 7 in Armour
  6155 | D:7      | Reached skill level 1 in Polearms
  6304 | D:7      | Reached XP level 9. HP: 59/78 MP: 8/8
  6580 | D:8      | Slain by an orc warrior

Illustrated notes

Levels and vault maps discovered:
D:1:      lightli_arrival_flooded_house, layout_rooms,
          chequers_ecumenical_altar_island
D:2:      layout_rooms, serial_shops, nicolae_shop_rolling_square,
          nicolae_shop_overgrown_old_shop, nicolae_shop_getting_attention,
          nicolae_diamond_shop, basic_altar
D:3:      layout_rooms, mainiacjoe_overflow_paths, led_sif_pool,
          mainiacjoe_overflow_brackets
D:4:      layout_cave_pools, good_gods_mini_temple, enter_ossuary_2,
          kennysheep_potato
D:5:      cheibrodos_iron_armory, layout_gridville, nrook_mini_backslash,
          uniq_grinder
D:6:      layout_loops_cross, general_overflow_altar, minmay_temple_entry_tees
D:7:      layout_loops_ring, kennysheep_generic_room_5
D:8:      layout_cave_pools, erik_lair_orcish_takeover
Temple:   hellmonk_temple_forest_ring

Skill      XL: |  1  2  3  4  5  6  7  8  9 |
---------------+----------------------------+-----
Shields        | 4 5 6 |  6.9
Fighting       | 4 5 6 |  6.7
Armour         | 4 5 6 7 |  7.8
Long Blades    | 3 4 |  4.4
Dodging        | 1 2 3 |  3.2
Short Blades   | 2 3 5 6 |  6.8
Stealth        | 1 |  1.2
Polearms       | 1 2 |  2.6

Action                     |  1- 3 |  4- 6 |  7- 9 || total
---------------------------+-------+-------+-------++-------
  Melee: Long sword        |   109 |    34 |       ||   143
         Headbutt          |    16 |    42 |    39 ||    97
         Short sword       |       |   204 |   113 ||   317
         Trident           |       |       |    51 ||    51
         Great sword       |       |       |     6 ||     6
    Use: Potion            |       |       |     5 ||     5
         Scroll            |       |       |     6 ||     6
 Armour: Scale mail        |    77 |   115 |    50 ||   242
  Dodge: Dodged            |    87 |   107 |    46 ||   240
  Block: Buckler           |    28 |    47 |    59 ||   134
         Reflection        |       |       |     1 ||     1
         Other             |       |       |     5 ||     5
